 Dungeon Crawl Stone Soup version 0.29-a0-994-gc5c9f59d18 (webtiles) character file.

Game seed: 3309231211682346710

19 vurker the Vexing (level 2, 0/27 HPs)
             Began as an Ogre Enchanter on Aug 3, 2022.
             Slain by Terence
             ... wielding a +0 mace
              (7 damage)
             ... on level 2 of the Dungeon.
             The game lasted 00:01:11 (1401 turns).

vurker the Vexing (Ogre Enchanter)                  Turns: 1401, Time: 00:01:11

Health: 0/27       AC:  3    Str: 11    XL:     2   Next: 75%
Magic:  5/5        EV:  9    Int: 16    God:
Gold:   37         SH:  0    Dex:  9    Spells: 5/5 levels left

rFire   . . .      SeeInvis .   a - +1 dagger
rCold   . . .      Faith    .   (no shield)
rNeg    . . .      Spirit   .   b - +0 robe
rPois   .          Reflect  .   (helmet restricted)
rElec   .          Harm     .   (no cloak)
rCorr   .          Rampage  .   (gloves unavailable)
Will    .....                   (boots unavailable)
Stlth   ++........              (no amulet)
HPRegen 0.09/turn               (no ring)
MPRegen 0.09/turn               (no ring)

@: no status effects
A: large, unfitting armour, tough skin 1
a: no special abilities


You were on level 2 of the Dungeon.
You visited 1 branch of the dungeon, and saw 2 of its levels.

You collected 37 gold pieces.

Inventory:

Hand Weapons
 a - a +1 dagger (weapon)
Armour
 b - a +0 robe (worn)
Jewellery
 e - a ring of fire
   (You found it on level 1 of the Dungeon)
Scrolls
 d - a scroll of teleportation {unknown}
 f - a scroll of torment {unknown}
Potions
 c - 3 potions of invisibility
 g - a potion of haste {unknown}


   Skills:
 + Level 1.5 Fighting
 - Level 0.8 Short Blades
 * Level 1.6 Maces & Flails
 - Level 1.7 Dodging
 - Level 2.1 Stealth
 - Level 2.4 Spellcasting
 - Level 2.6 Hexes


You had 5 spell levels left.
You didn't know any spells.
Your spell library contained the following spells:

 Spells                   Type           Power      Damage    Failure   Level
 Ensorcelled Hibernation  Hex/Ice        12%        N/A       17%         2
 Confusing Touch          Hex            10%        N/A       21%         3
 Tukima's Dance           Hex            10%        N/A       21%         3
 Dazzling Flash           Conj/Hex       12%        N/A       34%         3


Dungeon Overview and Level Annotations

Branches:
Dungeon (2/15)

Altars:

Annotations:
D:2 Terence


Innate Abilities, Weirdness & Mutations

You are too large for most types of armour.
You have tough skin. (AC +1)


Message History

The endoplasm freezes you.
You are frozen.
You hit the endoplasm but do no damage. You hit the endoplasm but do no damage.
The endoplasm freezes you.
You are frozen.
You hit the endoplasm but do no damage. The endoplasm freezes you.
You are frozen.
An endoplasm is nearby!
An endoplasm is nearby!
You hit the endoplasm.
The endoplasm hits you but does no damage.
Unknown command.
You hit the endoplasm. The endoplasm hits you.
* * * LOW HITPOINT WARNING * * *
You hit the endoplasm but do no damage. The endoplasm barely misses you.
You hit the endoplasm.
You kill the endoplasm!
Key pressed, stopping explore.
Key pressed, stopping explore.
Done exploring.
Done exploring.
Done exploring.
There is an open door here.
There is a stone staircase leading down here.
You climb downwards.
Found four items.
There is a stone staircase leading up here.
Terence is nearby!
Found a scroll labelled SIGEAT CENARCHIE.
Terence shouts!
You hit Terence but do no damage. You barely miss Terence.
Terence hits you with a +0 mace.
You hit Terence but do no damage. Terence barely misses you.
You hit Terence. Terence hits you but does no damage.
A dart slug comes into view.
You hit Terence but do no damage. Terence hits you with a +0 mace.
You hit Terence. You punch Terence, but do no damage.
Terence hits you with a +0 mace!
* * * LOW HITPOINT WARNING * * *
You barely miss Terence.
Terence says, "Rest in peace."
Terence hits you with a +0 mace.
* * * LOW HITPOINT WARNING * * *
You completely miss Terence. Terence hits you with a +0 mace.
* * * LOW HITPOINT WARNING * * *
You hit Terence but do no damage. Terence barely misses you.
You barely miss Terence. Terence hits you with a +0 mace!
You die...

...... #
..... . .
.... .. .###
... .??
...#.. ....
#.... .w..
#.#.#..#
###.#!.@@..#
#.:...<##..#
...#..#.# .#
## .?# .#
#... # ##..
.... .### .


You could see Terence and a dart slug.

Vanquished Creatures
  2 ball pythons (D:1)
  4 endoplasms (D:1)
  3 goblins (D:1)
  A hobgoblin (D:1)
  2 kobolds (D:1)
  2 bats (D:1)
  A frilled lizard (D:1)
  2 rats (D:1)
17 creatures vanquished.

Notes
Turn   | Place    | Note
-------+----------+-------------------------------------------
     0 | D:1      | vurker the Ogre Enchanter began the quest for the Orb.
     0 | D:1      | Reached XP level 1. HP: 16/16 MP: 3/3
   289 | D:1      | Reached skill level 1 in Fighting
   289 | D:1      | Reached skill level 1 in Maces & Flails
   289 | D:1      | Reached XP level 2. HP: 19/27 MP: 5/5
  1390 | D:2      | Noticed Terence
  1401 | D:2      | Slain by Terence

Illustrated notes

Levels and vault maps discovered:
D:1:      spicycebolla_arrival_ecumenical, layout_basic,
          grunt_decor_mini_mirrors, hex_large, minmay_hedge_maze
D:2:      layout_rooms, uniq_terence

Skill      XL: |  1 |
---------------+----+-----
Fighting       | 1 |  1.5
Maces & Flails | 1 |  1.6
Short Blades   | |  0.8
Dodging        | |  1.7
Stealth        | |  2.1
Spellcasting   | |  2.4
Hexes          | |  2.6

Action                   || total
-------------------------++-------
Melee: Dagger            ||    87
       Punch             ||     2
Armor: Robe              ||    19
Dodge: Dodged            ||    39

Table legend: (Time is in decaauts)
 A = Elapsed time spent in this place.
 B = Non-inter-level travel time spent in this place.
 C = Inter-level travel time spent in this place.
 D = Time resting spent in this place.
 E = Time spent auto-exploring this place.
 F = Levels seen in this place.
 G = Mean time per level.
                   A        B        C        D        E       F      G
               +--------+--------+--------+--------+--------+-----+--------+
         Total |   1397 |   1349 |     48 |      0 |   1163 |   2 |  698.5 |
       Dungeon |   1397 |   1349 |     48 |      0 |   1163 |   2 |  698.5 |
               +--------+--------+--------+--------+--------+-----+--------+

Top non-repeatable levels by time:
     D:1: 1386 daAuts
     D:2: 10 daAuts
